 Dungeon Crawl Stone Soup version 0.30-a0-1075-gcd70e7a56d (webtiles) character file.

Game seed: 8984957318756208234

225 olmar the Covered (level 5, -7/48 HPs)
             Began as an Armataur Fighter on Apr 14, 2023.
             Mangled by an ogre
             ... wielding a +0 giant spiked club
              (25 damage)
             ... on level 4 of the Dungeon.
             The game lasted 00:03:13 (2160 turns).

olmar the Covered (Armataur Fighter)                Turns: 2160, Time: 00:03:14

Health: -7/48      AC:  8    Str: 23    XL:     5   Next: 68%
Magic:  5/5        EV:  7    Int:  8    God:
Gold:   277        SH:  4    Dex: 10    Spells: 4/4 levels left

rFire   . . .      SeeInvis .    a - +0 flail
rCold   . . .      Faith    .    c - +0 buckler
rNeg    . . .      Spirit   .    b - +0 scale mail
rPois   .          Reflect  .    (no helmet)
rElec   .          Roll     +    j - +0 cloak
rCorr   .                        (no gloves)
Will    .....                    (no barding) Stlth
                                 (no amulet)
HPRegen 0.28/turn                (no ring)
MPRegen 0.09/turn                (no ring)

@: no status effects
A: large, rugged brown scales 3, deformed body, armoured tail, roll, long
tongue, awkward tongue
a: no special abilities


You were on level 4 of the Dungeon.
You visited 1 branch of the dungeon, and saw 4 of its levels.

You collected 277 gold pieces.

Inventory:

Hand Weapons
 a - a +0 flail (weapon)
Armour
 b - a +0 scale mail (worn)
 c - a +0 buckler (worn)
 j - a +0 cloak (worn)
Jewellery
 v - an amulet of magic regeneration
Scrolls
 e - a scroll of silence {unknown}
 f - 2 scrolls of identify {unknown}
 g - a scroll of amnesia {unknown}
 h - 2 scrolls of enchant armour {unknown}
 i - 2 scrolls of teleportation {unknown}
 l - 2 scrolls of noise {unknown}
 m - a scroll of blinking {unknown}
 p - a scroll of acquirement {unknown}
 t - a scroll of poison {unknown}
Potions
 d - 3 potions of might
 k - 3 potions of curing {unknown}
 n - 3 potions of attraction {unknown}
 o - a potion of mutation {unknown}
 q - a potion of resistance {unknown}
 r - 2 potions of haste {unknown}
 s - a potion of heal wounds {unknown}
 u - a potion of brilliance {unknown}


   Skills:
 + Level 3.3 Fighting
 + Level 3.6 Maces & Flails
 + Level 4.8 Armour
 + Level 1.1 Dodging
 + Level 4.0 Shields


You had 4 spell levels left.
You didn't know any spells.
Your spell library contained the following spells:

 Spells                   Type           Power      Damage    Failure   Level
 Necrotise                Necr           0%         1d4       78%         1
 Poisonous Vapours        Pois/Air       0%         N/A       89%         2
 Mephitic Cloud           Conj/Pois/Air  0%         N/A       98%         3
 Vampiric Draining        Necr           0%         2d6       98%         3
 Agony                    Necr           0%         N/A       100%        5
 Freezing Cloud           Conj/Ice/Air   0%         6-21      100%        5


Dungeon Overview and Level Annotations

Branches:
Dungeon (4/15)
 Temple: D:4-7

Altars:
Elyvilon
Yredelemnul
Zin

Annotations:
D:3 2 runed translucent doors, jasper's ghost, amateur SpEn


Innate Abilities, Weirdness & Mutations

You are completely covered in rugged brown scales. (AC +3, +7% HP)
Armour fits poorly on your strangely shaped body.
You have a long armoured tail.
You roll when moving toward enemies. (Rampage)
Your long tongue fully drains potion bottles. (2x potion effects)
Your tongue gives you trouble enunciating. (1.5x scroll delay)


Message History

The hound bites you but does no damage. The hound barely misses you.
Unknown command.
You hit the hound. You tail-slap the hound!
The hound is severely wounded.
The hound bites you but does no damage. The hound bites you.
Unknown command.
You completely miss the hound.
The hound is severely wounded.
The hound bites you but does no damage. x2
Unknown command.
You barely miss the hound.
The hound is severely wounded.
The hound bites you but does no damage. You block the hound's attack.
You sock the hound!
You kill the hound!
Unknown command.
No target in view!
You open the door.
An ogre comes into view. It is wielding a +0 giant spiked club.
The ogre shouts!
An ogre is nearby!
An ogre is nearby!
Okay, then.
You aren't carrying any items that you can evoke.
Unknown command.
You open the door.
There is an open door here.
The ogre attacks as you move away!
The ogre hits you with a +0 giant spiked club.
The ogre attacks as you move away!
The ogre hits you with a +0 giant spiked club!!
Ouch! That really hurt!
You open the door. The ogre attacks as you move away!
The ogre hits you with a +0 giant spiked club!
There is an open door here.
The ogre attacks as you move away!
The ogre hits you with a +0 giant spiked club!!
Ouch! That really hurt!
You die...

........###..####.#
##.#.####..).....##.#######
.........###...#..........#
.....###.##.....###.#####.# .#.
#.###...####.# .### #.#
##.......# ..# #.# #.####### .#
#.# #.# #O# .# #.###.###.# ##@##
## .### #.........###...## #.
...# #####.######.....##
#.###.#.# ##..# ##...<...##
#.#.#.#.#
#####...####.........###.....#.#
...........'.........+.....<.#.#
#####...####.........###....##.#
##..# ##.......## #.#.###.# ##.#
##..††.## #...)...#


You could see an ogre.

Vanquished Creatures
  A howler monkey (D:4)
  2 hounds (D:4)
  A jelly (D:4)
  3 adders
  2 dart slugs (D:1)
  An orc (D:3)
  8 bats
  6 endoplasms
  3 giant cockroaches
  10 goblins
  2 hobgoblins
  3 jackals (D:4)
  5 quokkas
  5 ball pythons
  3 kobolds
  5 rats
60 creatures vanquished.

Notes
Turn   | Place    | Note
-------+----------+-------------------------------------------
     0 | D:1      | olmar the Armataur Fighter began the quest for the Orb.
     0 | D:1      | Reached XP level 1. HP: 19/19 MP: 1/1
   275 | D:1      | Reached XP level 2. HP: 24/26 MP: 2/2
   472 | D:1      | Found a faded altar of an unknown god.
   847 | D:2      | Reached XP level 3. HP: 31/33 MP: 3/3
  1257 | D:3      | Found a runed translucent door.
  1406 | D:3      | Reached XP level 4. HP: 40/40 MP: 4/4
  1539 | D:3      | Found a white marble altar of Elyvilon.
  1609 | D:3      | Noticed jasper's ghost (amateur SpEn)
  1635 | D:3      | Found a glowing silver altar of Zin.
  1637 | D:3      | Found a basalt altar of Yredelemnul.
  1642 | D:3      | Found a runed translucent door.
  1979 | D:4      | Reached XP level 5. HP: 43/48 MP: 5/5
  2032 | D:4      | Reached skill level 1 in Dodging
  2128 | D:4      | Noticed an ogre
  2160 | D:4      | Mangled by an ogre

Illustrated notes

Levels and vault maps discovered:
D:1:      matt_arrival_spirals, layout_basic,
          shapermc_ecumenical_altar_mp_urbaneastern
D:2:      layout_rooms, minmay_pentomino_t2
D:3:      layout_loops_ring, elyvilon_altar_1, nicolae_overflow_hidden_temple,
          ebering_ghost_sewer_f, chequers_jeans
D:4:      layout_loops_corners

Skill      XL: |  1  2  3  4  5 |
---------------+----------------+-----
Armour         | 4 |  4.8
Fighting       | 3 |  3.3
Maces & Flails | 2 3 |  3.6
Dodging        | 1 |  1.1
Shields        | 4 |  4.0

Action                     |  1- 3 |  4- 6 || total
---------------------------+-------+-------++-------
  Melee: Flail             |    92 |    63 ||   155
         Tailslap          |    12 |     6 ||    18
 Armour: Scale mail        |    49 |    42 ||    91
  Dodge: Dodged            |    30 |    31 ||    61
  Block: Buckler           |    24 |    11 ||    35

Table legend: (Time is in decaauts)
 A = Elapsed time spent in this place.
 B = Non-inter-level travel time spent in this place.
 C = Inter-level travel time spent in this place.
 D = Time resting spent in this place.
 E = Time spent auto-exploring this place.
 F = Levels seen in this place.
 G = Mean time per level.
                   A        B        C        D        E       F      G
               +--------+--------+--------+--------+--------+-----+--------+
         Total |   2206 |   2155 |     51 |      0 |   1751 |   4 |  551.5 |
       Dungeon |   2206 |   2155 |     51 |      0 |   1751 |   4 |  551.5 |
               +--------+--------+--------+--------+--------+-----+--------+

Top non-repeatable levels by time:
     D:1: 852 daAuts
     D:3: 580 daAuts
     D:2: 420 daAuts
     D:4: 352 daAuts
